 Dungeon Crawl Stone Soup version 0.32-a0-470-g255bbe2f98 (webtiles) character file.

Game seed: 15853550752446385156

212 Kenran the Trooper (level 5, 0/50 HPs)
             Began as a Minotaur Hedge Wizard on Feb 25, 2024.
             Slain by a gnoll
             ... wielding a +0 flail
             ... led by a gnoll bouda
              (8 damage)
             ... on level 3 of the Dungeon.
             The game lasted 00:09:02 (3274 turns).

Kenran the Trooper (Minotaur Hedge Wizard)          Turns: 3274, Time: 00:09:03

Health: 0/50       AC:  2    Str: 14 (15) XL:     5   Next: 58%
Magic:  7/7        EV: 12    Int:  8 (11) God:
Gold:   105        SH:  0    Dex: 16 (17) Spells: 7/8 levels left

rFire   . . .        x - +0 spear
rCold   . . .        (no shield)
rNeg    . . .        b - +0 robe
rPois   .            c - +0 hat
rElec   .            (no cloak)
rCorr   .            (no gloves)
SInv    .            (no boots)
Will    .....        (no amulet)
Stlth   ++           r - +6 ring of dexterity
HPRegen 0.28/turn    (no ring)
MPRegen 0.10/turn

%: no passive effects
@: about to teleport, attractive
A: horns 2, retaliatory headbutt
a: no special abilities


You were on level 3 of the Dungeon.
You visited 1 branch of the dungeon, and saw 4 of its levels.

You collected 105 gold pieces.

Inventory:

Hand Weapons
 x - a +0 spear (weapon)
Missiles
 l - 9 poisoned darts
Armour
 b - a +0 robe (worn)
 c - a +0 hat (worn)
Jewellery
 r - a +6 ring of dexterity (left hand)
Scrolls
 a - a scroll of brand weapon
 e - a scroll of poison {unknown}
 g - a scroll of teleportation
 k - a scroll of immolation {unknown}
 n - a scroll of enchant armour {unknown}
 p - 3 scrolls of vulnerability {unknown}
 s - a scroll of noise {unknown}
 w - 2 scrolls of summoning {unknown}
Potions
 d - a potion of magic
 f - a potion of attraction {!q}
 h - a potion of berserk rage {unknown}
 i - 2 potions of degeneration {!q}
 j - a potion of invisibility {unknown}
 o - a potion of curing {unknown}
 q - a potion of brilliance {unknown}
 t - a potion of cancellation {unknown}
 u - a potion of lignification {unknown}
 v - a potion of mutation {unknown}


   Skills:
 - Level 6.0 Fighting
 - Level 1.2 Short Blades
 * Level 1.7 Polearms
 - Level 2.1 Dodging
 - Level 1.5 Stealth
 - Level 2.1 Spellcasting
 - Level 0.6 Conjurations
 - Level 0.6 Summonings
 - Level 0.6 Translocations


You had 7 spell levels left.
You knew the following spells:

 Your Spells              Type           Power      Damage    Failure   Level
a - Magic Dart            Conj           4%         1d3       28%         1

Your spell library contained the following spells:

 Spells                   Type           Power      Damage    Failure   Level
 Summon Small Mammal      Summ           4%         N/A       28%         1
 Sting                    Conj/Alch      4%         1d3       30%         1
 Slow                     Hex            0%         N/A       34%         1
 Blink                    Tloc           2%         N/A       38%         2
 Call Imp                 Summ           2%         N/A       38%         2
 Static Discharge         Conj/Air       2%         3-4/arc   43%         2
 Cigotuvi's Dreadful Rot  Necr/Alch/Air  0%         N/A       47%         2
 Ensorcelled Hibernation  Hex/Ice        0%         N/A       47%         2
 Call Canine Familiar     Summ           1%         N/A       63%         3
 Mephitic Cloud           Conj/Alch/Air  1%         N/A       69%         3
 Fugue of the Fallen      Necr           0%         N/A       71%         3
 Passwall                 Erth           0%         N/A       71%         3
 Swiftness                Air            0%         N/A       71%         3
 Summon Blazeheart Golem  Fire/Summ      1%         N/A       97%         4
 Anguish                  Hex/Necr       0%         N/A       98%         4
 Ozocubu's Refrigeration  Ice            0%         4d7       100%        7


Dungeon Overview and Level Annotations

Branches:
Dungeon (4/15)
 Temple: D:4-7

Altars:


Innate Abilities, Weirdness & Mutations

You have a pair of horns on your head.
You reflexively headbutt those who attack you in melee.


Message History

Moving in this stuff is going to be slow.
Things that are here:
4 stones; a +0 chain mail; a +0 mace
Found an escape hatch in the ceiling.
You enter the shallow water.
Moving in this stuff is going to be slow.
There is an escape hatch in the floor here.
There is a stone staircase leading down here.
You climb downwards.
The gnoll completely misses you. You furiously retaliate!
You headbutt the gnoll! The gnoll hits you with a +0 flail!
The gnoll hits you with a +0 club! The gnoll hits you with a +0 flail.
There is a stone staircase leading up, spattered with blood here.
The gnoll hits you with a +0 flail! The gnoll hits you with a +0 club.
You climb upwards.
There is a stone staircase leading down here.
The gnoll attacks as it pursues you! The gnoll hits you with a +0 flail.
* * * LOW HITPOINT WARNING * * *
The gnoll hits you with a +0 club.
* * * LOW HITPOINT WARNING * * *
The gnoll attacks as it pursues you! The gnoll hits you with a +0 club.
* * * LOW HITPOINT WARNING * * *
The gnoll attacks as it pursues you! The gnoll closely misses you.
You furiously retaliate!
You headbutt the gnoll.
You enter a dispersal trap!
The gnoll blinks! x4; You blink.
Okay, then.
Unknown command.
It was a potion of degeneration.
There was something very wrong with that liquid.
You feel weakened.
You feel dopey.
You feel clumsy.
It was a potion of attraction.
You feel attractive to monsters. The gnoll closely misses you.
The gnoll is attracted toward you.
Okay, then.
As you read the scroll of teleportation, it crumbles to dust.
You feel strangely unstable. The gnoll barely misses you.
You furiously retaliate!
You headbutt the gnoll.
You kill the gnoll!
The gnoll attacks as it pursues you! The gnoll barely misses you.
The gnoll attacks as it pursues you! The gnoll hits you with a +0 flail!
You die...

............÷######...####
##...................##
.........#.....####..#
.##......#...######..######
##...........##........>..##
##.....÷...###....)........##
...........##...............#
###........##...........[.§.#
##......÷.÷.÷.@g.)...>)...#
##......##...##..........#
#.#...###..####.........#
#......#########.......##
#####...#.# #≈ ##.....##
#.......#.. ##≈###^.####
#.####..##. ##≈≈≈##..# ##.#
##..# « #≈≈≈≈##..#### ...#
#...# #. #≈≈≈≈##»....#######


You could see a gnoll.

Vanquished Creatures
  A howler monkey (D:3)
  A jelly (D:4)
  A gnoll bouda (D:3)
  2 gnolls (D:3)
  3 adders
  3 dart slugs
  A ribbon worm (D:4)
  2 orcs (D:3)
  7 endoplasms
  A giant cockroach (D:1)
  5 goblins
  7 hobgoblins
  4 jackals
  5 kobolds
  5 quokkas
  3 ball pythons
  6 bats
  2 frilled lizards
59 creatures vanquished.

Notes
Turn   | Place    | Note
-------+----------+-------------------------------------------
     0 | D:1      | Kenran the Minotaur Hedge Wizard began the quest for the
                  | Orb.
     0 | D:1      | Reached XP level 1. HP: 14/14 MP: 2/2
    37 | D:1      | Got the Folio of the Violent Icicle
   105 | D:1      | Reached skill level 1 in Fighting
   236 | D:1      | Reached skill level 2 in Fighting
   236 | D:1      | Reached XP level 2. HP: 24/24 MP: 4/4
   490 | D:1      | Reached skill level 3 in Fighting
   592 | D:1      | Found a faded altar of an unknown god.
   839 | D:1      | Reached XP level 3. HP: 26/31 MP: 0/5
  1546 | D:2      | Reached skill level 4 in Fighting
  1869 | D:2      | Reached XP level 4. HP: 41/41 MP: 6/6
  2048 | D:3      | Reached skill level 5 in Fighting
  2426 | D:3      | Noticed an ogre
  2821 | D:4      | Reached skill level 1 in Short Blades
  2821 | D:4      | Reached XP level 5. HP: 17/50 MP: 1/7
  3078 | D:3      | Reached skill level 6 in Fighting
  3078 | D:3      | Reached skill level 1 in Polearms
  3274 | D:3      | Slain by a gnoll

Illustrated notes

Levels and vault maps discovered:
D:1:      onia_arrival_pyramid, layout_rooms,
          hellmonk_ecumenical_altar_inner_sanctum
D:2:      layout_loops_cross
D:3:      layout_rooms, corexii_leaking_fountain, serial_bayou_pond_d,
          chequers_serial_rivers_large_a
D:4:      layout_cave_pools, kennysheep_little_box

Skill      XL: |  1  2  3  4  5 |
---------------+----------------+-----
Fighting       | 2 3 4 5 6 |  6.0
Short Blades   | 1 |  1.2
Polearms       | 1 |  1.7
Dodging        | |  2.1
Stealth        | |  1.5
Spellcasting   | |  2.1
Conjurations   | |  0.6
Summonings     | |  0.6
Translocations | |  0.6

Action                     |  1- 3 |  4- 6 || total
---------------------------+-------+-------++-------
  Melee: Dagger            |    55 |       ||    55
         Headbutt          |    16 |    14 ||    30
         Short sword       |    34 |    63 ||    97
         Spear             |       |    23 ||    23
  Throw: Dart              |       |     1 ||     1
   Cast: Magic Dart        |    33 |    19 ||    52
    Use: Scroll            |       |     3 ||     3
         Potion            |       |     2 ||     2
   Stab: Sleeping          |     1 |     2 ||     3
 Armour: Robe              |    50 |    58 ||   108
  Dodge: Dodged            |    52 |    58 ||   110

Table legend: (Time is in decaauts)
 A = Elapsed time spent in this place.
 B = Non-inter-level travel time spent in this place.
 C = Inter-level travel time spent in this place.
 D = Time resting spent in this place.
 E = Time spent auto-exploring this place.
 F = Levels seen in this place.
 G = Mean time per level.
                   A        B        C        D        E       F      G
               +--------+--------+--------+--------+--------+-----+--------+
         Total |   3288 |   3056 |    232 |   1048 |   1217 |   4 |  822.0 |
       Dungeon |   3288 |   3056 |    232 |   1048 |   1217 |   4 |  822.0 |
               +--------+--------+--------+--------+--------+-----+--------+

Top non-repeatable levels by time:
     D:1: 1090 daAuts
     D:3: 983 daAuts
     D:2: 939 daAuts
     D:4: 274 daAuts
